 Dungeon Crawl Stone Soup version 0.26.1-11-gd32895ea62 (webtiles) character file.

Game seed: 9029192156340564833

315110 Diggabert the Executioner (level 21, -16/157 (192) HPs)
             Began as a Hill Orc Fighter on May 9, 2021.
             Was the Champion of Qazlal.
             Killed from afar by a Brimstone Fiend (34 damage)
             ... with damnation
             ... summoned by a deep elf demonologist
             ... on level 3 of the Elven Halls.
             The game lasted 02:04:40 (44171 turns).

Diggabert the Executioner (Hill Orc Fighter)       Turns: 44171, Time: 02:04:41

HP:   -16/157 (192) AC: 32    Str: 39    XL:     21   Next: 37%
MP:   39/39         EV: 13    Int:  6    God:    Qazlal [******]
Gold: 1702          SH: 47    Dex:  8    Spells: 20/20 levels left

rFire    + . .     SeeInvis .   O - +3 broad axe (venom)
rCold    . . .     Faith    .   c - +8 tower shield
rNeg     . . .     Spirit   .   h - +4 chain mail {rF+}
rPois    +         Reflect  +   p - +2 hat
rElec    .         Harm     .   y - +2 cloak {Will+}
rCorr    .         Rampage  .   S - +3 pair of gauntlets of War {Slay+5}
Will     ++++.                  G - +0 pair of boots (curse)
Stlth    ..........             I - amulet of reflection
HPRegen  0.36/turn              F - +6 ring of strength
MPRegen  0.26/turn              L - ring "Ecsaefonel" {rPois Will++ MP+9 Str+4 Stlth+}

@: lethally poisoned (-16 -> -26), protected from physical damage, heavily
drained, repel missiles
A: clumsy 1, dopey 1, screaming 1
}: 2/15 runes: serpentine, barnacled
a: Renounce Religion, Upheaval, Elemental Force, Disaster Area


You were on level 3 of the Elven Halls.
You worshipped Qazlal.
Qazlal was exalted by your worship.
You visited 7 branches of the dungeon, and saw 35 of its levels.
You also visited: Ossuary.

You collected 3842 gold pieces.
You spent 2140 gold pieces at shops.

Inventory:

Hand Weapons
 s - a +0 broad axe
 M - the +10 spear of Arrival {flame, Will- Int+6}
   (You found it on level 7 of the Dungeon)

   It has been specially enchanted to burn those struck by it, causing extra
   injury to most foes and up to half again as much damage against particularly
   susceptible opponents.
   It affects your intelligence (+6).
   It affects your willpower, your defense against some magical effects.
 O - a +3 broad axe of venom (weapon)
Missiles
 v - 11 throwing nets (quivered)
 U - 6 boomerangs of dispersal
Armour
 c - a +8 tower shield (worn)
 h - a +4 chain mail of fire resistance (worn)
 n - a +0 plate armour
 o - a +0 helmet
 p - a +2 hat (worn)
 y - a +2 cloak of willpower (worn)
 G - a cursed +0 pair of boots (worn)
 S - the +3 pair of gauntlets of War (worn) {Slay+5}
   (You bought it in a shop on level 2 of the Orcish Mines)

   It affects your accuracy and damage with ranged weapons and melee attacks
   (+5).
Jewellery
 F - a +6 ring of strength (left hand)
 I - an amulet of reflection (around neck)
 J - an uncursed amulet of the acrobat
 L - the ring "Ecsaefonel" (right hand) {rPois Will++ MP+9 Str+4 Stlth+}
   (You found it on level 3 of the Shoals)

   [ring of magical power]

   It affects your strength (+4).
   It protects you from poison.
   It affects your willpower, your defense against some magical effects.
   It affects your magic capacity (+9).
   It makes you more stealthy.
 P - an uncursed ring of see invisible
 Q - an uncursed ring of resist corrosion
Wands
 m - a wand of digging (20)
 N - a wand of flame (18)
Scrolls
 a - 12 scrolls of identify
 e - 4 scrolls of magic mapping
 j - 7 scrolls of amnesia
 q - 2 scrolls of noise
 r - a scroll of holy word
 t - 5 scrolls of fog
 w - 8 scrolls of teleportation
 A - 3 scrolls of immolation
 C - a scroll of blinking
 D - 14 scrolls of remove curse
 E - 9 scrolls of fear
 K - 2 scrolls of vulnerability
 T - 2 scrolls of torment
Potions
 b - 2 potions of heal wounds
 d - 9 potions of might
 f - 19 potions of curing
 g - 8 potions of haste
 i - 2 potions of berserk rage
 k - 5 potions of attraction
 l - 8 potions of lignification
 u - 5 potions of brilliance
 x - 3 potions of resistance
 z - 19 potions of mutation
 B - 11 potions of cancellation
 H - 7 potions of flight
 V - 10 potions of ambrosia
 X - a potion of invisibility
 Z - a potion of magic


   Skills:
 * Level 17.4 Fighting
 * Level 22.2 Axes
 * Level 14.8 Armour
 * Level 10.5 Dodging
 * Level 21.3 Shields
 - Level 12.0 Invocations


You had 20 spell levels left.
You didn't know any spells.
Your spell library contained the following spells:

 Spells                   Type           Power        Failure   Level
 Animate Skeleton         Necr           0%           90%         1
 Corona                   Hex            0%           90%         1
 Freeze                   Ice            0%           90%         1
 Magic Dart               Conj           0%           90%         1
 Pain                     Necr           0%           90%         1
 Sting                    Tmut/Pois      0%           90%         1
 Blink                    Tloc           N/A          97%         2
 Call Imp                 Summ           0%           97%         2
 Ensorcelled Hibernation  Hex/Ice        0%           97%         2
 Poisonous Vapours        Pois/Air       0%           97%         2
 Slow                     Hex            0%           97%         2
 Confusing Touch          Hex            0%           99%         3
 Conjure Flame            Conj/Fire      0%           99%         3
 Dazzling Flash           Conj/Hex       0%           99%         3
 Frozen Ramparts          Ice            0%           99%         3
 Ignite Poison            Fire/Tmut/Pois 0%           99%         3
 Mephitic Cloud           Conj/Pois/Air  0%           99%         3
 Ozocubu's Armour         Ice            0%           99%         3
 Portal Projectile        Hex/Tloc       0%           99%         3
 Tukima's Dance           Hex            0%           99%         3
 Vampiric Draining        Necr           0%           99%         3
 Animate Dead             Necr           0%           100%        4
 Hailstorm                Conj/Ice       0%           100%        4
 Ice Form                 Ice/Tmut       0%           100%        4
 Olgreb's Toxic Radiance  Pois           0%           100%        4
 Summon Ice Beast         Ice/Summ       0%           100%        4
 Summon Lightning Spire   Summ/Air       0%           100%        4
 Agony                    Necr           0%           100%        5
 Borgnjor's Vile Clutch   Necr/Erth      0%           100%        5
 Metabolic Englaciation   Hex/Ice        0%           100%        5
 Silence                  Hex/Air        0%           100%        5
 Conjure Ball Lightning   Conj/Air       0%           100%        6
 Death Channel            Necr           0%           100%        6
 Freezing Cloud           Conj/Ice/Air   0%           100%        6
 Invisibility             Hex            0%           100%        6
 Ozocubu's Refrigeration  Ice            0%           100%        6
 Simulacrum               Ice/Necr       0%           100%        6
 Malign Gateway           Summ/Tloc      0%           100%        7
 Monstrous Menagerie      Summ           0%           100%        7
 Summon Greater Demon     Summ           0%           100%        7
 Summon Horrible Things   Summ           0%           100%        8
 Tornado                  Air            0%           100%        9


Dungeon Overview and Level Annotations

Branches:
Dungeon (15/15)            Temple (1/1) D:5            Lair (6/6) D:9
 Shoals (4/4) Lair:2        Snake (4/4) Lair:2        Slime (0/5) Lair:6
    Orc (2/2) D:12            Elf (3/3) Orc:2        Vaults (0/5) D:13
 Depths (0/5) D:15        Ossuary (visited)

Altars:
Ashenzari
Dithmenos
Elyvilon
Fedhas
Gozag
Hepliaklqana
Kikubaaqudgha
Makhleb
Okawaru
Qazlal
Trog
Uskayaw
Wu Jian
Xom
Yredelemnul
Zin
The Shining One
Beogh
Jiyva

Shops:
D:11 }   D:12 :   D:15 (   Orc:2 (:[*?   Snake:2 ?*(!(

Annotations:
D:4 exclusion: oklob plant


Innate Abilities, Weirdness & Mutations

You are clumsy. (Dex -2)
You are dopey. (Int -2)
You occasionally shout uncontrollably at your foes.


Message History

As you read the scroll of blinking, it crumbles to dust.
You feel sick.
The +0 vampiric hand axe is engulfed in blazing flames.
The balrug gestures at you. Something smites you!
* * * LOW HITPOINT WARNING * * *
The deep elf mage gestures wildly while chanting.
The deep elf mage blinks!
The deep elf archer shoots an arrow.
You reflect the arrow off an invisible shield around you!
The arrow completely misses the deep elf archer.
The arrow completely misses the ghostly deep elf blademaster.
The arrow hits the ghostly deep elf elementalist!
You destroy the ghostly deep elf elementalist!
Qazlal accepts your kill.
The earth elemental disappears in a puff of smoke! x6
The deep elf sorcerer mumbles some strange words.
The deep elf sorcerer seems to speed up.
The Brimstone Fiend gestures at you.
The sphere of damnation explodes!
The damnation engulfs you!!
You die...
ES

# ###e# ## #####.Ee# ##.
#..#§EeE#### ##.#
#.EE..eeee§# ##.##
#.eE§e.e○†.### ##'##
##..ex2e☼e(1.#### ##.##
#..§..eE§§.☼...######..##
#..☼○1*§e.@.).......'...#
#...☼E....#....####'#...##
#....○....###### ##.....#
#....°....# #.....#
#....e.... ####### #######


You could see 2 deep elf blademasters, 2 ghostly deep elf blademasters, a
Brimstone Fiend (summoned), an Ice Fiend (summoned), a balrug (summoned, very
poisoned), a deep elf master archer, 2 ghostly deep elf death magi, a deep elf
sorcerer (fast, empowered), a deep elf demonologist (empowered), a deep elf
archer (empowered, repels missiles), a deep elf knight (fast, empowered), 2 deep
elf high priests, 2 earth elementals, a deep elf mage (empowered), 3 fire
elementals, a lost soul (summoned), a +0 vampiric hand axe and a crawling
corpse.

Vanquished Creatures
  The ghost of Hynwimna the Slayer, a veteran MiGl of Okawaru (Elf:1)
  Saint Roka (Orc:2)
  Rupert (D:12)
  4 tentacled monstrosities (Elf:1)
  A kraken (Shoals:3)
  Polyphemus (Shoals:2)
  Agnes (Snake:4)
  9 nagarajas
  A deep elf sorcerer (Elf:1)
  Ilsuiw (Shoals:3)
  Aizul (Snake:1)
  2 cacodemons (Elf:1)
  An orc warlord (Orc:2)
  A deep elf elementalist (Elf:3)
  The ghost of Diggabert the Impaler, a journeyman MfFi of Hepliaklqana (Shoals:1)
  3 very ugly things (D:15)
  A deep elf demonologist (Elf:2)
  7 merfolk javelineers
  The ghost of Oqecs the Cleaver, a journeyman GrAM of Okawaru (D:15)
  A deep elf death mage (Elf:3)
  Snorg (D:12)
  8 merfolk impalers
  The ghost of Xyudeake the Devastator, a journeyman DEFE of Vehumet (Lair:4)
  3 vault guards (D:13)
  Erolcha (Orc:1)
  13 hydras
  3 catoblepae
  2 boulder beetles (D:14)
  9 merfolk aquamancers
  2 merfolk avatars
  An alligator snapping turtle (Shoals:4)
  16 naga warriors
  Erica (D:10)
  4 centaur warriors (D:14)
  13 anacondas
  2 ogre magi (D:14)
  29 dancing weapons
  A death knight (D:14)
  A satyr (Shoals:3)
  5 death yaks
  Urug (D:10)
  16 naga sharpshooters
  5 two-headed ogres
  11 shock serpents
  18 deep elf knights
  4 orc high priests (Orc:2)
  A sixfirhy (D:7)
  3 skeletal warriors (D:14)
  Nergalle (Lair:1)
  A fire crab (shapeshifter) (Orc:2)
  17 sea snakes
  A flayed ghost (D:14)
  9 naga ritualists
  A glowing orange brain (D:15)
  4 orc knights (Orc:2)
  An unseen horror (D:12)
  54 deep elf magi
  7 deep elf archers
  2 wizards
  19 harpies
  A necromancer (D:15)
  6 mana vipers
  An oklob plant (Snake:3)
  27 ugly things
  5 fauns
  5 orc sorcerers
  11 salamanders
  12 manticores
  6 cyclopes
  2 moths of wrath (Lair:4)
  A moth of wrath (shapeshifter) (Elf:1)
  Joseph (D:10)
  11 merfolk sirens
  A centaur zombie (D:14)
  19 naga magi
  5 water nymphs
  7 cane toads
  7 guardian serpents
  30 black mambas
  6 elephants (Lair:3)
  2 torpor snails
  A gargoyle (D:14)
  A rime drake (Lair:6)
  2 kobold demonologists
  10 komodo dragons
  A queen bee (Lair:4)
  23 merfolk
  5 trolls
  A wind drake (shapeshifter) (D:15)
  A hornet (shapeshifter) (D:15)
  3 meliai (Lair:4)
  Grinder (D:4)
  6 polar bears
  A wolf spider simulacrum (D:15)
  8 wind drakes
  5 hornets
  8 large abominations (Elf:1)
  16 snapping turtles
  6 dream sheep
  9 blink frogs
  A meliai zombie (D:15)
  A vampire (D:14)
  17 water elementals
  14 spriggans (Lair:6)
  2 air elementals
  2 shadows
  A tarantella (shapeshifter) (D:15)
  28 yaks
  7 wyverns
  A hog (shapeshifter) (Elf:1)
  2 wraiths
  A yak (shapeshifter) (Elf:1)
  Grum (D:8)
  A fire elemental (Elf:2)
  7 humans (D:13)
  A golden eye (shapeshifter) (Elf:1)
  5 basilisks
  3 neqoxecs (D:15)
  Menkaure (D:4)
  A warg (shapeshifter) (D:14)
  Edmund (D:4)
  3 wargs
  2 soldier ants
  2 acid dragons
  63 nagas
  19 water moccasins
  39 orc warriors
  An ice beast (shapeshifter) (Elf:1)
  5 ice beasts
  4 sky beasts
  7 black bears
  10 ogres
  2 phantoms
  4 boggarts (Lair:6)
  A boggart (shapeshifter) (D:15)
  2 eyes of draining
  36 wolves
  An ogre (shapeshifter) (Elf:1)
  2 necrophages
  15 centaurs
  A big kobold (shapeshifter) (D:15)
  A big kobold (D:9)
  22 bullfrogs
  5 earth elementals (Elf:2)
  34 killer bees
  4 scorpions
  A killer bee (shapeshifter) (Elf:1)
  16 wights
  3 electric eels
  2 vampire bats (Lair:5)
  6 jellies
  3 bullfrog zombies
  A hound (shapeshifter) (Elf:1)
  2 hounds
  A bullfrog skeleton (D:11)
  Crazy Yiuf (D:4)
  44 orc wizards
  6 centaur skeletons
  22 orc priests
  Terence (D:3)
  7 worker ants
  3 iguanas
  Natasha (twice) (D:3)
  4 hell rats (Lair:4)
  A big kobold zombie (Ossuary)
  6 mummies (Ossuary)
  A howler monkey zombie (D:9)
  A worker ant zombie (D:11)
  6 gnolls
  9 adders
  A river rat (D:3)
  6 white imps
  An ufetubus (D:10)
  An adder skeleton (D:7)
  3 worms
  2 dart slugs
  3 leopard geckos
  75 orcs
  A ball python (D:4)
  7 giant cockroaches
  2 gnoll zombies (Ossuary)
  A hobgoblin (D:2)
  13 jackals
  7 kobolds
  4 quokkas
  A ball python (shapeshifter) (D:15)
  13 bats
  5 frilled lizards
  8 goblins
  3 goblin zombies (Ossuary)
  A hobgoblin zombie (Ossuary)
  A jackal zombie (D:5)
  A kobold zombie (Ossuary)
  A quokka skeleton (D:6)
  7 rats
  A crawling corpse (Elf:3)
  4 tentacles (Shoals:3)
1311 creatures vanquished.

Vanquished Creatures (collateral kills)
  A merfolk impaler (Shoals:2)
  A merfolk aquamancer (Shoals:4)
  A sea snake (Shoals:4)
  2 merfolk sirens
  3 merfolk
  A snapping turtle (Shoals:1)
  A water elemental (Shoals:1)
  An orc warrior (Orc:2)
  An orc priest (Orc:2)
  An orc wizard (Orc:2)
  3 orcs (Orc:2)
  3 tentacles (Shoals:3)
19 creatures vanquished.

Vanquished Creatures (others)
  A deep elf sorcerer (Elf:2)
  A vault guard (D:13)
  An anaconda (Snake:4)
  A naga sharpshooter (Snake:4)
  A deep elf knight (Elf:1)
  A sea snake (Shoals:4)
  A deep elf archer (Orc:2)
  A deep elf mage (Elf:3)
  A manticore (Shoals:4)
  A merfolk siren (Shoals:4)
  A centaur skeleton (D:15)
  A snapping turtle (Shoals:4)
  2 water elementals
  A human (D:13)
  A centaur (D:15)
  A worm (shapeshifter) (Elf:1)
  48 fungi
  138 plants
  8 tentacles (Shoals:3)
211 creatures vanquished.

Grand Total: 1541 creatures vanquished

Notes
Turn   | Place    | Note
-------+----------+-------------------------------------------
     0 | D:1      | Diggabert the Hill Orc Fighter began the quest for the Orb.
     0 | D:1      | Reached XP level 1. HP: 19/19 MP: 1/1
   534 | D:1      | Reached XP level 2. HP: 27/27 MP: 2/2
   741 | D:2      | Reached skill level 3 in Axes
   779 | D:2      | Found a faded altar of an unknown god.
   806 | D:2      | Reached XP level 3. HP: 25/33 MP: 3/3
  1346 | D:2      | Reached skill level 4 in Axes
  1351 | D:2      | Reached XP level 4. HP: 38/40 MP: 4/4
  1742 | D:3      | Noticed Terence
  1752 | D:3      | Killed Terence
  1945 | D:3      | Noticed Natasha
  1952 | D:3      | Killed Natasha
  1987 | D:3      | Noticed Natasha
  1993 | D:3      | Killed Natasha
  1994 | D:3      | Reached XP level 5. HP: 39/47 MP: 5/5
  2501 | D:3      | Reached skill level 5 in Axes
  2665 | D:4      | Noticed Edmund
  2693 | D:4      | Killed Edmund
  2694 | D:4      | Reached skill level 1 in Dodging
  2694 | D:4      | Reached XP level 6. HP: 15/53 MP: 1/6
  3117 | D:4      | Reached skill level 6 in Axes
  3551 | D:4      | Reached skill level 5 in Fighting
  3551 | D:4      | Reached XP level 7. HP: 55/61 MP: 7/7
  3639 | D:4      | Noticed Menkaure
  3996 | D:4      | Noticed Grinder
  4029 | D:4      | Killed Grinder
  4030 | D:4      | Reached skill level 7 in Axes
  4403 | D:4      | Found a blossoming altar of Fedhas.
  4426 | D:4      | Noticed an oklob plant
  4511 | D:4      | Killed Menkaure
  4512 | D:4      | Reached skill level 5 in Armour
  4602 | D:4      | Found a runed translucent door.
  4603 | D:4      | Noticed Crazy Yiuf
  4610 | D:4      | Killed Crazy Yiuf
  4721 | D:5      | Entered Level 5 of the Dungeon
  4756 | D:5      | Found a staircase to the Ecumenical Temple.
  4765 | Temple   | Entered the Ecumenical Temple
  4792 | Temple   | Became a worshipper of Qazlal Stormbringer
  4843 | D:5      | Found a sand-covered staircase.
  4848 | Ossuary  | Entered an ossuary
  4874 | Ossuary  | Reached XP level 8. HP: 62/69 MP: 8/8
  4937 | Ossuary  | Reached skill level 8 in Axes
  5694 | D:6      | Reached * piety under Qazlal
  5695 | D:6      | Reached skill level 5 in Shields
  5866 | D:6      | Reached skill level 9 in Axes
  6497 | D:6      | Reached ** piety under Qazlal
  6560 | D:6      | Reached XP level 9. HP: 73/77 MP: 9/9
  6715 | D:7      | Reached skill level 10 in Axes
  7009 | D:7      | Got a jewelled spear
  7016 | D:7      | Identified the +10 spear of Arrival {flame, Will- Int+6}
                  | (You found it on level 7 of the Dungeon)
  7113 | D:7      | Noticed a sixfirhy
  7114 | D:7      | Found a runed translucent door.
  7259 | D:7      | Killed a sixfirhy
  7260 | D:7      | Reached skill level 11 in Axes
  7260 | D:7      | Reached skill level 1 in Invocations
  7630 | D:8      | Noticed Grum
  7649 | D:8      | Killed Grum
  7650 | D:8      | Reached XP level 10. HP: 65/86 MP: 11/11
  8064 | D:8      | Found an ornate altar of the Wu Jian Council.
  8350 | D:9      | Found a staircase to the Lair.
  8366 | D:9      | Reached skill level 12 in Axes
  8586 | D:9      | Reached *** piety under Qazlal
  8903 | D:9      | Noticed a two-headed ogre
  8913 | D:9      | Killed a two-headed ogre
  9355 | D:9      | Found a white marble altar of Elyvilon.
  9426 | D:10     | Entered Level 10 of the Dungeon
  9707 | D:10     | Reached XP level 11. HP: 95/95 MP: 14/14
  9846 | D:10     | Reached skill level 13 in Axes
 10122 | D:10     | Noticed Erica
 10149 | D:10     | Killed Erica
 10484 | D:10     | Noticed Joseph
 10486 | D:10     | Noticed Urug
 10501 | D:10     | Killed Joseph
 10513 | D:10     | Killed Urug
 10540 | D:10     | Reached skill level 5 in Invocations
 11249 | D:11     | Noticed a white ugly thing
 11271 | D:11     | Killed a white ugly thing
 11409 | D:11     | Reached **** piety under Qazlal
 11505 | D:11     | Found Aguav's Gadget Shop.
 12301 | D:12     | Found a staircase to the Orcish Mines.
 12318 | D:12     | Noticed an unseen horror
 12336 | D:12     | Killed an unseen horror
 12483 | Lair:1   | Entered Level 1 of the Lair of Beasts
 12539 | Lair:1   | Reached skill level 10 in Shields
 12625 | Lair:1   | Noticed Nergalle
 12637 | Lair:1   | Killed Nergalle
 12638 | Lair:1   | Reached skill level 14 in Axes
 12685 | Lair:1   | Reached XP level 12. HP: 88/105 MP: 16/16
 12757 | Lair:1   | Reached skill level 5 in Dodging
 13331 | Lair:2   | Noticed a four-headed hydra
 13342 | Lair:2   | Killed a four-headed hydra
 13352 | Lair:2   | Noticed an eight-headed hydra
 13367 | Lair:2   | Killed an eight-headed hydra
 13370 | Lair:2   | Noticed a six-headed hydra
 13388 | Lair:2   | Killed a six-headed hydra
 13689 | Lair:2   | Noticed an eight-headed hydra
 13707 | Lair:1   | Killed an eight-headed hydra
 13975 | Lair:2   | Found a staircase to the Snake Pit.
 13988 | Lair:2   | Reached skill level 10 in Fighting
 14251 | Lair:2   | Found a staircase to the Shoals.
 14741 | Lair:3   | Reached skill level 15 in Axes
 14840 | Lair:3   | Reached XP level 13. HP: 104/113 MP: 18/18
 15226 | Lair:3   | Found a broken altar of Ashenzari.
 15488 | Lair:3   | Reached skill level 10 in Armour
 15606 | Lair:3   | You fall into a shaft and drop 1 floor!
 16128 | Lair:4   | Reached ***** piety under Qazlal
 16659 | Lair:4   | You fall into a shaft and drop 1 floor!
 17128 | Lair:3   | Reached skill level 16 in Axes
 17608 | Lair:4   | Found a transporter.
 17651 | Lair:4   | Found a transporter.
 17652 | Lair:4   | Noticed Xyudeake's ghost (journeyman DEFE)
 18643 | Lair:4   | Killed Xyudeake's ghost
 19362 | Lair:6   | Entered Level 6 of the Lair of Beasts
 19368 | Lair:5   | Reached XP level 14. HP: 124/124 MP: 20/20
 19721 | Lair:6   | Found a viscous altar of Jiyva.
 19721 | Lair:6   | Found a staircase to the Slime Pits.
 20960 | D:12     | Noticed Rupert
 21012 | Orc:1    | Entered Level 1 of the Orcish Mines
 21012 | Orc:1    | Noticed Erolcha
 21012 | Orc:1    | Noticed Snorg
 21017 | Orc:1    | Reached ****** piety under Qazlal
 21057 | D:12     | Killed Snorg
 21206 | Orc:1    | Killed Erolcha
 21307 | Orc:1    | Found a roughly hewn altar of Beogh.
 21602 | Orc:2    | Entered Level 2 of the Orcish Mines
 21713 | Orc:2    | Found Egocvoej's Magic Scroll Boutique.
 21722 | Orc:2    | Noticed Saint Roka
 22262 | Orc:2    | Killed Saint Roka
 22580 | Orc:2    | Found a staircase to the Elven Halls.
 22747 | Orc:2    | Reached XP level 15. HP: 133/133 MP: 22/22
 22784 | Orc:2    | Noticed an orc warlord
 23074 | Orc:2    | Killed an orc warlord
 23075 | Orc:2    | Reached skill level 10 in Invocations
 23278 | Orc:2    | Reached skill level 17 in Axes
 23440 | Orc:2    | Found Iroonoatee's General Store.
 23441 | Orc:2    | Found Cotyujoz's Book Shoppe.
 23443 | Orc:2    | Found Arghebaz's Antique Armour Shoppe.
 23443 | Orc:2    | Found Isaytsuc's Antique Weapon Emporium.
 23691 | Orc:2    | Bought a scroll of enchant armour for 120 gold pieces
 23761 | Orc:2    | Bought the +3 pair of gauntlets of War {Slay+5} for 1567
                  | gold pieces
 23761 | Orc:2    | Found the +3 pair of gauntlets of War {Slay+5}
 23776 | Orc:2    | Bought a glimmering war axe for 221 gold pieces
 23777 | Orc:2    | Identified the +3 war axe of Vaexidoy {vorpal, Will- Int+7}
                  | (You bought it in a shop on level 2 of the Orcish Mines)
 23853 | D:12     | Found Toipluumo's Book Shop.
 23866 | D:12     | Killed Rupert
 24560 | D:12     | Reached XP level 16. HP: 141/141 MP: 23/23
 24828 | D:13     | Found a shadowy altar of Dithmenos.
 24952 | D:13     | Reached skill level 15 in Shields
 25054 | D:13     | Found a gate to the Vaults.
 26220 | D:14     | Reached skill level 18 in Axes
 26372 | D:14     | Found the cursed necklace of Bloodlust {*Rage +Rage Will++
                  | Int-3 Slay+6 *Curse}
 26515 | D:14     | Found a broken altar of Ashenzari.
 26916 | D:15     | Entered Level 15 of the Dungeon
 27148 | D:14     | Reached XP level 17. HP: 150/150 MP: 25/25
 27562 | D:15     | Found Meiter's Weapon Shoppe.
 27637 | D:15     | Found a staircase to the Depths.
 27923 | D:15     | Found a runed translucent gate.
 27923 | D:15     | Found a runed translucent gate.
 27923 | D:15     | Found a runed translucent gate.
 27988 | D:15     | Reached skill level 19 in Axes
 28387 | D:15     | Found a runed translucent gate.
 28387 | D:15     | Found a runed translucent gate.
 28390 | D:15     | Noticed Oqecs's ghost (journeyman GrAM)
 28396 | D:15     | Found a runed translucent gate.
 28569 | D:15     | Killed Oqecs's ghost
 28637 | D:15     | Gained mutation: You occasionally shout uncontrollably at
                  | your foes. [a neqoxec]
 29005 | Snake:1  | Entered Level 1 of the Snake Pit
 29443 | Snake:1  | Noticed Aizul
 29458 | Snake:1  | Killed Aizul
 29967 | Snake:1  | Found an ornate altar of the Wu Jian Council.
 30454 | Snake:2  | Found Naqoh's Distillery.
 30477 | Snake:2  | Found Ipnucs's Weapon Emporium.
 30746 | Snake:2  | Found Dyrum's Weapon Shop.
 30759 | Snake:2  | Found an ornate altar of the Wu Jian Council.
 30807 | Snake:2  | Found Imomioxu's Magic Scroll Shoppe.
 30827 | Snake:2  | Bought a scroll of enchant weapon for 142 gold pieces
 30860 | Snake:2  | Found Coiroocu's General Store.
 30868 | Snake:2  | Bought a scroll of enchant armour for 90 gold pieces
 31010 | Snake:3  | Reached XP level 18. HP: 141/160 MP: 27/27
 31155 | Snake:3  | Reached skill level 20 in Axes
 31398 | Snake:3  | Found an iron altar of Okawaru.
 32103 | Snake:4  | Entered Level 4 of the Snake Pit
 32111 | Snake:4  | Noticed Agnes
 32119 | Snake:4  | Killed Agnes
 32899 | Snake:4  | Reached skill level 15 in Fighting
 33354 | Snake:4  | Reached XP level 19. HP: 44/170 MP: 28/28
 34520 | Snake:4  | Got a serpentine rune of Zot
 34800 | Shoals:1 | Entered Level 1 of the Shoals
 35617 | Shoals:1 | Found a runed translucent door.
 35617 | Shoals:1 | Noticed Diggabert's ghost (journeyman MfFi)
 35910 | Shoals:1 | Killed Diggabert's ghost
 35957 | Shoals:2 | Noticed Polyphemus
 35994 | Shoals:2 | Killed Polyphemus
 35998 | Shoals:2 | Reached skill level 21 in Axes
 36971 | Shoals:3 | Got a coiled iron ring
 36973 | Shoals:3 | Identified the ring "Ecsaefonel" {rPois Will++ MP+9 Str+4
                  | Stlth+} (You found it on level 3 of the Shoals)
 38129 | Shoals:4 | Entered Level 4 of the Shoals
 38356 | Shoals:4 | Noticed Ilsuiw
 38391 | Shoals:3 | Killed Ilsuiw
 38716 | Shoals:4 | Reached XP level 20. HP: 107/181 MP: 29/29
 39570 | Shoals:4 | Identified Sif Muna's Papyrus of Floating Execration
 40353 | Shoals:4 | Got a barnacled rune of Zot
 40810 | Elf:1    | Entered Level 1 of the Elven Halls
 41060 | Elf:1    | Reached skill level 10 in Dodging
 41624 | Elf:1    | Found a runed translucent gate.
 41624 | Elf:1    | Found a runed translucent gate.
 41625 | Elf:1    | Found a runed translucent gate.
 42353 | Elf:1    | Found a runed translucent gate.
 42353 | Elf:1    | Found a runed translucent gate.
 42359 | Elf:1    | Found a runed translucent gate.
 42359 | Elf:1    | Noticed Hynwimna's ghost (veteran MiGl)
 42387 | Elf:1    | Gained mutation: You are dopey. (Int -2) [a cacodemon]
 42398 | Elf:1    | Gained mutation: You are clumsy. (Dex -2) [a cacodemon]
 42445 | Elf:1    | Killed Hynwimna's ghost
 42677 | Elf:2    | Reached XP level 21. HP: 117/191 MP: 30/30
 43084 | Elf:2    | Reached skill level 22 in Axes
 43323 | Elf:2    | Found a runed translucent gate.
 43323 | Elf:2    | Found a runed translucent gate.
 43323 | Elf:2    | Found a runed translucent gate.
 43939 | Elf:3    | Entered Level 3 of the Elven Halls
 44169 | Elf:3    | HP: 7/157 [balrug/divine providence[a deep elf
                  | demonologist] (17)]
 44171 | Elf:3    | Killed from afar by a Brimstone Fiend

Illustrated notes

Levels and vault maps discovered:
D:1:      mrwooster_arrival_statue, layout_basic, st_stairs_7
D:2:      layout_basic, chequers_ecumenical_altar_simple_redux
D:3:      layout_basic, portal_sewer_entry_b, uniq_terence, uniq_natasha
D:4:      layout_cave_pods, hangedman_abyss_or_decor_passed,
          roderic_filled_cross, minmay_statues_item, tgw_fedhas, uniq_grinder,
          uniq_edmund, uniq_crazy_yiuf_cottage, uniq_menkaure
D:5:      layout_rooms, minmay_temple_entry_sparse_star, enter_ossuary_2
D:6:      layout_basic
D:7:      cheibrodos_shockbox, layout_rooms
D:8:      layout_loops_ring, basic_altar, uniq_grum
D:9:      layout_roguey, due_lair_maze_entry_diamond, basic_altar,
          enter_bailey_7
D:10:     layout_grid_maze, dk_noncrumbling_4, grunt_decor_clamped, uniq_erica,
          uniq_urug, uniq_joseph
D:11:     layout_irregular_city, serial_shops, shop, minmay_orc_keep
D:12:     layout_basic, orc_0_dummy, serial_shops, nicolae_shop_behind_doors,
          minivault_10, uniq_rupert
D:13:     layout_layer_cave, ximxim_vaults_locker_room, david_defended_altar_elf
D:14:     minmay_the_grid_net [minmay_the_grid_plusring,
          minmay_the_grid_holed_spiral, minmay_the_grid_x,
          minmay_the_grid_garden, minmay_the_grid_stretched_grid,
          minmay_the_grid_prize_four_corners], layout_irregular_city,
          nicolae_ashenzari_panopticon
D:15:     grunt_enter_depths_magical_seal, layout_rooms,
          ploomutoo_gammafunk_ghost_potion_laboratory, serial_shops, shop,
          kennysheep_doodads, hangedman_decor_growths
Temple:   nicolae_temple_the_god_donut
Lair:1:   layout_loops_ring, lemuel_fruit_tree, uniq_nergalle
Lair:2:   layout_regular_city, elwin_shoals_entry_stream,
          minmay_snake_entry_guardpost_small
Lair:3:   layout_cave_pods, basic_altar, st_stairs_10, beast_lair_carwin_2,
          lemuel_fruit_fields
Lair:4:   layout_concentric_octagons, gammafunk_ghost_berserking_beasts,
          special_room [special_room_bee], cheibrodos_lair_reptile_den,
          grunt_megastairs_5
Lair:5:   layout_regular_city, roderic_batcave, serial_bayou_shore_a,
          infiniplex_staircase_pool
Lair:6:   minmay_lair_end_enchanted_forest, layout_big_grid,
          dpeg_slime_entry_enclosed_altar, lemuel_fruit_fields
Shoals:1: layout_shoals, ebering_ghost_reflecting_pool
Shoals:2: layout_shoals, uniq_polyphemus
Shoals:3: layout_shoals, nicolae_shoals_water_elemental_grotto
Shoals:4: shoals_end_simple, layout_shoals, shoals_ilsuiw_ice
Snake:1:  nicolae_snake_nest, layout_rooms, basic_altar, grunt_ministairs_9,
          uniq_aizul
Snake:2:  layout_misc_corridors, serial_shops, nicolae_shop_stone, shop,
          nicolae_shop_crystal, shop, shop, basic_altar
Snake:3:  layout_grid_maze, lemuel_oklob_altar
Snake:4:  grunt_snake_rune_pools, layout_misc_corridors, grunt_megastairs_1,
          uniq_agnes
Orc:1:    layout_caves, amcnicky_altar_gilded, uniq_erolcha, uniq_snorg
Orc:2:    st_orc_congregation, layout_diamond_mine, serial_shops,
          nicolae_shop_waterfront, guppyfry_library_mini, uniq_saint_roka
Elf:1:    elf_arrival_002, layout_geoelf_octagon,
          ploomutoo_gammafunk_ghost_potion_laboratory,
          hangedman_elven_crosses_minicolossus
Elf:2:    layout_rooms
Elf:3:    minmay_elf_hall_circle, layout_geoelf_grid, minivault_19

Skill      XL: |  1  2  3  4  5  6  7  8  9 10 11 12 13 14 15 16 17 18 19 20 21 |
---------------+----------------------------------------------------------------+-----
Fighting       | 4 5 6 7 8 9 10 11 12 13 14 15 16 17 | 17.4
Axes           | 3 4 5 6 7 9 11 12 14 15 16 17 18 19 20 21 22 | 22.2
Shields        | 4 5 7 8 10 11 12 14 15 16 18 19 20 21 | 21.3
Armour         | 4 5 6 7 8 9 10 11 12 13 14 | 14.8
Dodging        | 1 2 3 4 5 6 7 8 9 10 | 10.5
Invocations    | 2 4 5 7 8 9 10 11 12 | 12.0

Action                   |  1- 3 |  4- 6 |  7- 9 | 10-12 | 13-15 | 16-18 | 19-21 || total
-------------------------+-------+-------+-------+-------+-------+-------+-------++-------
Melee: War axe           |    87 |   118 |   296 |   542 |   705 |       |       ||  1748
       Unarmed           |       |       |     1 |       |       |       |       ||     1
       Spear             |       |       |     9 |   101 |    86 |    11 |       ||   207
       Broad axe         |       |       |       |       |    40 |  1173 |  1127 ||  2340
Invok: Elemental Force   |       |       |       |     1 |     4 |       |     8 ||    13
Evoke: Wand              |       |       |     1 |       |       |       |       ||     1
  Use: Scroll            |       |       |       |    24 |     9 |    17 |     4 ||    54
       Potion            |       |       |       |     2 |     3 |     3 |     2 ||    10
 Stab: Distracted        |       |       |       |       |     1 |       |     1 ||     2
Armor: Scale mail        |    18 |       |       |       |       |       |       ||    18
       Plate armour      |    49 |    57 |   139 |   252 |   163 |       |       ||   660
       Chain mail        |       |       |       |       |    35 |   144 |   182 ||   361
Dodge: Dodged            |    11 |    16 |    64 |   162 |   186 |   122 |   189 ||   750
       Repelled          |       |       |       |     1 |     4 |    25 |     6 ||    36
Block: Kite shield       |    49 |    56 |   182 |   503 |   736 |    73 |       ||  1599
       Tower shield      |       |       |       |       |       |  1352 |  1631 ||  2983
       Reflection        |       |       |       |       |       |   147 |   129 ||   276
